 Dungeon Sprint DCSS version 0.17-a0-1570-g74b7129 (webtiles) character file.

1399 tt080 the Carver (level 9, -8/78 HPs)
             Began as a Formicid Fighter on July 23, 2015.
             Was a Believer of Trog.
             Mangled by a spiny frog (16 damage)
             ... in the Dungeon (Sprint IX: "|||||||||||||||||||||||||||||").
             The game lasted 00:03:21 (421 turns).

tt080 the Carver (Formicid Fighter)                  Turns: 421, Time: 00:03:21

Health: -8/78      AC: 11    Str: 23    XL:     9   Next: 1%
Magic:  9/9        EV:  8    Int:  8    God:    Trog [**....]
Gold:   0          SH: 12    Dex: 11    Spells: 0 memorised, 8 levels left

rFire  . . .     SeeInvis +     s - +2 scimitar (holy)
rCold  . . .     Clarity  .     t - +0 chain mail (curse)
rNeg   . . .     SustAt   .     c - +0 shield
rPois  .         Gourm    .     (helmet unavailable)
rElec  .         Spirit   .     (no cloak)
rCorr  .         Warding  .     (no gloves)
rMut   .         Stasis   +     (no boots)
MR     .....                    (no amulet)
Stlth  ..........               (no ring)
                                (no ring)

@: not resistant to hostile enchantments, extremely unstealthy
A: permanent stasis, dig shafts and tunnels, four strong arms, antennae 3
a: Dig, Burn Spellbooks, Trog's Hand, Renounce Religion


You were in the Dungeon.
You worshipped Trog.
Trog was pleased with you.
You were not hungry.

You visited 1 branch

Inventory:

Hand weapons
 a - a +0 long sword
 q - a +4 quarterstaff of speed
 r - the +2 rapier "Beastbane" {drain, rF+ Str+6}
   (You found it in the Dungeon)

   A truly terrible weapon, it drains the life of those it strikes.
   It affects your strength (+6).
   It protects you from fire.
 s - a +2 scimitar of holy wrath (weapon)
Armour
 b - a +0 scale mail
 c - a +0 shield (worn)
 t - a cursed +0 chain mail (worn)
 u - a +0 cloak
Jewellery
 o - a +3 ring of intelligence
 p - a +3 ring of intelligence
Magical devices
 n - a wand of cold (7)
Scrolls
 k - 6 scrolls of blinking
 m - 3 scrolls of remove curse
 x - a scroll of fear
 y - 4 scrolls of enchant weapon
Potions
 d - a potion of might
 g - a potion of invisibility
 h - 4 potions of haste
 i - 4 potions of magic
 j - a potion of berserk rage
 l - a potion of cure mutation
 v - 2 potions of brilliance
Books
 w - a book of the Earth

   Spells                             Type                      Level
   a - Leda's Liquefaction            Hexes/Earth                  4
   b - Bolt of Magma                  Conjuration/Fire/Earth       5
   c - Statue Form                    Transmutation/Earth          6
   d - Iron Shot                      Conjuration/Earth            6
   e - Shatter                        Earth                        9
   Trog disapproves of the use of such an item.
Comestibles
 e - a bread ration
 f - 3 chunks of flesh


   Skills:
 + Level 9.9 Fighting
 * Level 11.9 Long Blades
 + Level 9.8 Armour
 + Level 10.7 Shields


You had 8 spell levels left.
You didn't know any spells.

Dungeon Overview and Level Annotations

Branches:
Dungeon (1/1)

Altars:
Cheibriados
Dithmenos
Elyvilon
Fedhas
Gozag
Kikubaaqudgha
Makhleb
Nemelex Xobeh
Okawaru
Qazlal
Ru
Sif Muna
Trog
Vehumet
Xom
Yredelemnul
Zin
The Shining One
Beogh
Jiyva
Lugonu


Innate Abilities, Weirdness & Mutations

You are under a permanent stasis effect.
You can dig through walls and to a lower floor.
Your four strong arms can wield two-handed weapons with a shield.
You have a pair of large antennae on your head (SInv).


Message History

Increase (S)trength, (I)ntelligence, or (D)exterity?
You feel agile.
You closely miss the spiny frog. The spiny frog stings you!!
* * * LOW HITPOINT WARNING * * *
You barely miss the spiny frog. The spiny frog stings you!
* * * LOW HITPOINT WARNING * * *
You completely miss the spiny frog. The spiny frog stings you!
* * * LOW HITPOINT WARNING * * *
You hit the spiny frog.
The spiny frog is lightly wounded.
You block the spiny frog's attack.
You slash the spiny frog!
The spiny frog is heavily wounded.
Your skin stops crawling.
You feel less resistant to hostile enchantments.
The spiny frog barely misses you.
You slash the spiny frog!
The spiny frog is almost dead.
The spiny frog stings you!
You die...

{ ▓.▓_▓
▓.▓.▓_▓
{
▓F▓.▓_▓
{
▓S▓.▓_▓
{
▓S▓.▓_▓
{
▓l▓.▓_▓
{
▓H▓.▓_▓
{
▓F▓.▓_▓
{ {
▓@▓.▓_▓
{ {
▓.▓.▓_▓
{
▓.▓.▓_▓
{ {
▓.▓.▓'▓
{
▓.▓.▓.▓
{
▓)▓.▓.▓
{
▓.▓.▓.▓
▓[▓.▓.▓
▓.▓.▓.▓


You could see a komodo dragon, a hippogriff, 2 spiny frogs and 2 water
moccasins.

Vanquished Creatures
  A hill giant (D)
  A cyclops (D)
  A blink frog (D)
  An ogre (D)
  A giant frog (D)
  A gnoll sergeant (D)
  A wight (D)
  A hound (D)
  A worker ant (D)
  A shadow imp (D)
  An adder zombie (D)
  An orc (D)
  3 bats (D)
  A bat skeleton (D)
  2 bat zombies (D)
  A giant cockroach (D)
  A hobgoblin (D)
  A giant gecko (D)
  A quokka (D)
  A rat (D)
23 creatures vanquished.

Notes
Turn   | Place    | Note
--------------------------------------------------------------
     0 | D        | tt080 the Formicid Fighter began the quest for the Orb.
     0 | D        | Reached XP level 1. HP: 18/18 MP: 1/1
    15 | D        | Reached skill level 4 in Shields
    35 | D        | Noticed a worker ant
    35 | D        | Noticed a hound
    43 | D        | Killed a hound
    43 | D        | Reached XP level 2. HP: 10/26 MP: 2/2
    43 | D        | Reached XP level 3. HP: 11/31 MP: 3/3
    50 | D        | Killed a worker ant
    50 | D        | Reached skill level 5 in Long Blades
    50 | D        | Reached skill level 5 in Shields
    50 | D        | Reached XP level 4. HP: 30/38 MP: 4/4
    65 | D        | Found a glowing silver altar of Zin.
    65 | D        | Found a glowing golden altar of the Shining One.
    65 | D        | Found an ancient bone altar of Kikubaaqudgha.
    65 | D        | Found a basalt altar of Yredelemnul.
    65 | D        | Found a shimmering altar of Xom.
    65 | D        | Found a radiant altar of Vehumet.
    66 | D        | Found an iron altar of Okawaru.
    67 | D        | Found a burning altar of Makhleb.
    68 | D        | Found a deep blue altar of Sif Muna.
    69 | D        | Found a bloodstained altar of Trog.
    70 | D        | Found a sparkling altar of Nemelex Xobeh.
    71 | D        | Found a white marble altar of Elyvilon.
    72 | D        | Found a roughly hewn altar of Beogh.
    73 | D        | Found a viscous altar of Jiyva.
    74 | D        | Found a corrupted altar of Lugonu.
    75 | D        | Found a blossoming altar of Fedhas.
    76 | D        | Found a snail-covered altar of Cheibriados.
    77 | D        | Became a worshipper of Trog the Wrathful
    78 | D        | Found a shadowy altar of Dithmenos.
    79 | D        | Found a stormy altar of Qazlal.
    80 | D        | Found an opulent altar of Gozag.
    81 | D        | Found a sacrificial altar of Ru.
   105 | D        | Noticed a wight
   111 | D        | Got the +2 rapier "Beastbane" {drain, rF+ Str+6}
   117 | D        | Killed a wight
   117 | D        | Reached skill level 5 in Fighting
   117 | D        | Reached skill level 6 in Long Blades
   117 | D        | Reached skill level 5 in Armour
   117 | D        | Reached XP level 5. HP: 38/44 MP: 5/5
   139 | D        | Acquired Trog's first power
   163 | D        | Noticed a gnoll sergeant
   163 | D        | Noticed a cyclops
   163 | D        | Noticed a hill giant
   163 | D        | Noticed an ogre
   163 | D        | Noticed a giant frog
   180 | D        | Killed a hill giant
   180 | D        | Reached skill level 8 in Fighting
   180 | D        | Reached skill level 10 in Long Blades
   180 | D        | Reached XP level 6. HP: 6/57 MP: 6/6
   180 | D        | Reached XP level 7. HP: 6/63 MP: 7/7
   193 | D        | Killed a giant frog
   193 | D        | Acquired Trog's second power
   229 | D        | Killed an ogre
   229 | D        | Reached XP level 8. HP: 31/70 MP: 8/8
   244 | D        | Killed a cyclops
   244 | D        | Reached skill level 11 in Long Blades
   244 | D        | Reached skill level 10 in Shields
   253 | D        | Killed a gnoll sergeant
   408 | D        | Noticed a water moccasin
   408 | D        | Noticed a water moccasin
   408 | D        | Noticed a komodo dragon
   408 | D        | Noticed a hippogriff
   408 | D        | Noticed a spiny frog
   408 | D        | Noticed a blink frog
   411 | D        | Noticed a spiny frog
   415 | D        | Killed a blink frog
   415 | D        | Reached XP level 9. HP: 45/78 MP: 9/9
   421 | D        | Mangled by a spiny frog

Vault maps used:
D:        linesprint

Action                   |  1- 3 |  4- 6 |  7- 9 || total
-------------------------+-------+-------+-------++-------
Melee: Long sword        |    38 |    37 |       ||    75
       Scimitar          |       |    13 |    42 ||    55
Invok: Trog's Hand       |       |       |     4 ||     4
  Use: Potion            |     1 |     2 |     5 ||     8
